 Dungeon Crawl Stone Soup version 0.22-a0-247-gbddf880 (webtiles) character file.

41 MatthieuS the Gusty (level 3, -6/20 HPs)
             Began as a Tengu Air Elementalist on Feb 25, 2018.
             Mangled by an iguana (9 damage)
             ... on level 2 of the Dungeon.
             The game lasted 00:03:54 (1402 turns).

MatthieuS the Gusty (Tengu Air Elementalist)        Turns: 1402, Time: 00:03:54

Health: -6/20      AC:  4    Str:  8    XL:     3   Next: 52%
Magic:  2/7        EV: 12    Int: 16    God:
Gold:   76         SH:  0    Dex: 14    Spells: 1/7 levels left

rFire    . . .     SeeInvis .   d - +0 rapier
rCold    . . .     Gourm    .   (no shield)
rNeg     . . .     Faith    .   j - +1 leather armour {rPois}
rPois    +         Spirit   .   (helmet restricted)
rElec    .         Reflect  .   (no cloak)
rCorr    .         Harm     .   (no gloves)
MR       .....                  (boots unavailable)
Stlth    ++........             (no amulet)
HPRegen  0.06/turn              k - +3 ring of slaying
MPRegen  0.10/turn              (no ring)

@: very slightly contaminated
A: beak, talons 3
a: no special abilities


You were on level 2 of the Dungeon.
You were not hungry.

You visited 1 branch of the dungeon, and saw 2 of its levels.

You collected 76 gold pieces.

Inventory:

Hand Weapons
 d - a +0 rapier (weapon)
Missiles
 h - 16 sling bullets
Armour
 j - a +1 leather armour of poison resistance (worn)
 m - a +1 robe of fire resistance
Jewellery
 k - a +3 ring of slaying (left hand)
Scrolls
 a - a scroll of immolation {unknown}
 c - a scroll of fear {unknown}
 f - 4 scrolls of identify {unknown}
 g - a scroll of blinking {unknown}
Potions
 e - a potion of resistance {unknown}
 i - 2 potions of heal wounds {unknown}
Comestibles
 b - 4 rations
 l - 8 chunks of flesh


   Skills:
 + Level 1.0 Fighting
 + Level 2.5 Dodging
 - Level 2.0 Stealth
 * Level 2.6 Spellcasting
 + Level 2.1 Conjurations
 + Level 4.3 Air Magic


You had one spell level left.
You knew the following spells:

 Your Spells              Type           Power        Failure   Level  Hunger
a - Shock                 Conj/Air       ##..         8%          1    #......
b - Swiftness             Chrm/Air       #.......     19%         2    ##.....
c - Static Discharge      Conj/Air       ##......     22%         3    ###....


Dungeon Overview and Level Annotations

Branches:
Dungeon (2/15)

Altars:
Ashenzari


Innate Abilities, Weirdness & Mutations

You have a beak for a mouth.
You have claws for feet.


Message History

Aiming: Shock (safe; 8% risk of failure)
Press: ? - help, Shift-Dir - straight line, f/p - iguana
Aim: an iguana (severely wounded)
The zap hits the iguana.
The iguana is severely wounded.
Casting: Shock (safe; 8% risk of failure)
Confirm with . or Enter, or press ? or * to list all spells.
Aiming: Shock (safe; 8% risk of failure)
Press: ? - help, Shift-Dir - straight line, f/p - iguana
Aim: an iguana (severely wounded)
You miscast Shock.
Nothing appears to happen.
The iguana bites you.
You completely miss the iguana. You peck the iguana, but do no damage.
The iguana is severely wounded.
The iguana bites you!
You closely miss the iguana. You peck the iguana, but do no damage.
The iguana is severely wounded.
The iguana bites you!
* * * LOW HITPOINT WARNING * * *
The iguana bites you!
You die...

#.........#.......
#.###.###.........
#.# #.# #.........
#.###'###.#..#....
#...'_'...#..##.#.
#.#######.#.....#.
##.# ### #..)......
#..#######..#.#####
#.@.........#.#
#l#####.....#.# #.#
#######.# #.#
####.#####
#.########.........
#........#.##..##.#
#........#.#...##
#.####...#......#
#.# ##........##


You could see an iguana.

Vanquished Creatures
  An adder (D:2)
  2 dart slugs
  A leopard gecko (D:2)
  A ball python (D:2)
  2 bats (D:2)
  A giant cockroach (D:2)
  5 goblins
  5 hobgoblins
  A kobold (D:2)
  A frilled lizard (D:2)
  6 rats
26 creatures vanquished.

Notes
Turn   | Place    | Note
-------+----------+-------------------------------------------
     0 | D:1      | MatthieuS the Tengu Air Elementalist began the quest for the Orb.
     0 | D:1      | Reached XP level 1. HP: 10/10 MP: 4/4
   637 | D:1      | Reached XP level 2. HP: 16/16 MP: 3/6
   835 | D:1      | Learned a level 2 spell: Swiftness
  1105 | D:2      | Reached XP level 3. HP: 20/20 MP: 4/7
  1231 | D:2      | Reached skill level 1 in Fighting
  1333 | D:2      | Found a shattered altar of Ashenzari.
  1352 | D:2      | Learned a level 3 spell: Static Discharge
  1402 | D:2      | Mangled by an iguana

Vault maps used:
D:1:      kennysheep_arrival_forest, hangedman_abyss_or_decor_lesser_grid,
          item_on_display_a
D:2:      lemuel_doored_altar, first_ration

Skill      XL: |  1  2  3 |
---------------+----------+-----
Conjurations   | 2 |  2.1
Fighting       | 1 |  1.0
Dodging        | |  2.5
Stealth        | |  2.0
Spellcasting   | |  2.6
Air Magic      | |  4.3

Action                   || total
-------------------------++-------
Melee: Rapier            ||     8
       Peck              ||     2
       Kick              ||     1
 Cast: Shock             ||    63
  Eat: Chunk             ||     2
Armor: Leather armour    ||     5
Dodge: Dodged            ||     9

Table legend:
 A = Spawn XP
 B = Non-spawn XP
 C = Spawn XP percentage of total XP
 D = Spawn monster count
 E = Non-spawn monster count
 F = Spawn count percentage of total count
 G = Total turns spent on level
                    A         B        C        D         E        F      G
               +---------+---------+-------+---------+---------+-------+---------
         Total |       0 |      59 |   0.0 |       0 |      26 |   0.0 |  1402
               +---------+---------+-------+---------+---------+-------+---------
           D:1 |       0 |      15 |   0.0 |       0 |       8 |   0.0 |   828
           D:2 |       0 |      44 |   0.0 |       0 |      18 |   0.0 |   574
               +---------+---------+-------+---------+---------+-------+---------
